General information
- name: BNet
- type: Ladder team game (AT/RT)
- host: Battle.net
- saver: AmericanCaesar
map: DragonFalls
- players: 8
- length: 44:18
- speed: Fast
- version: 1.26 W3XP
- replay type: Public
» download(246 KB)
Players
team 1 (loser)
keft (
green | 44 APM | 1849 actions | 42:16)
6 Archmage
2 Summon Water Elemental
3 Brilliance Aura
1 Mass Teleport
5 Firelord
3 Incinerate
2 Summon Lava Spawn
4 Paladin
2 Holy Light
2 Devotion Aura
» actions
| Assign group hotkey | 18 | |
| Basic commands | 91 | |
| Build / train | 82 | |
| Enter build submenu | 17 | |
| Enter hero's abilities submenu | 18 | |
| Give item / drop item | 2 | |
| Right click | 985 | |
| Select / deselect | 450 | |
| Select group hotkey | 72 | |
| Use ability | 114 | |
1849 total
» units
| Peasant | 16 | |
| Rifleman | 8 | |
| Knight | 3 | |
| Flying Machine | 8 | |
35 total
» upgrades
| Long Rifles | 1 | |
| Gunpowder | 3 | |
| Armor | 2 | |
| Animal War Training | 1 | |
7 total
» buildings
| Farm | 9 | |
| Altar of Kings | 1 | |
| Arcane Vault | 1 | |
| Lumber Mill | 1 | |
| Scout Tower | 1 | |
| Keep | 1 | |
| Barracks | 2 | |
| Arcane Tower | 1 | |
| Blacksmith | 1 | |
| Castle | 1 | |
| Town Hall | 2 | |
| Workshop | 3 | |
24 total
» build order
00:07 Farm
00:12 Altar of Kings
00:54 Arcane Vault
01:05 Farm
01:19 Farm
01:45 Lumber Mill
01:57 Scout Tower
02:55 Keep
03:18 Farm
03:18 Farm
03:19 Farm
03:29 Barracks
03:32 Barracks
04:42 Arcane Tower
04:45 Blacksmith
06:02 Castle
12:47 Farm
12:48 Farm
12:48 Farm
13:32 Town Hall
39:51 Workshop
39:58 Town Hall
40:24 Workshop
41:30 Workshop
» items
| Staff of Teleportation | 2 | |
| Boots of Speed | 2 | |
| Scroll of Regeneration | 2 | |
| Potion of Healing | 4 | |
| Orb of Fire | 2 | |
| Scroll of Town Portal | 2 | |
| Potion of Lesser Invulnerability | 1 | |
| Scroll of Protection | 1 | |
16 total
Garrys (
teal | 49 APM | 2020 actions | 41:35)
6 Blademaster
3 Wind Walk
2 Critical Strike
1 Bladestorm
6 Shadow Hunter
3 Healing Wave
2 Serpent Ward
1 Big Bad Voodoo
» actions
| Assign group hotkey | 66 | |
| Basic commands | 187 | |
| Build / train | 118 | |
| Enter build submenu | 19 | |
| Enter hero's abilities submenu | 12 | |
| Remove unit from queue | 5 | |
| Right click | 493 | |
| Select / deselect | 420 | |
| Select group hotkey | 595 | |
| Use ability | 105 | |
2020 total
» units
| Peon | 17 | |
| Grunt | 6 | |
| Tauren | 12 | |
| Troll Witch Doctor | 13 | |
| Shaman | 8 | |
| Wind Rider | 19 | |
75 total
» upgrades
| Pulverize | 1 | |
| Shaman Training | 2 | |
| Witch Doctor Training | 2 | |
| Armor | 3 | |
| Melee Weapons | 3 | |
| Reinforced Defenses | 1 | |
| Spiked Barricades | 1 | |
| Envenomed Spears | 1 | |
14 total
» buildings
| Altar of Storms | 1 | |
| Orc Burrow | 8 | |
| Barracks | 1 | |
| Stronghold | 1 | |
| War Mill | 1 | |
| Fortress | 1 | |
| Great Hall | 2 | |
| Spirit Lodge | 2 | |
| Tauren Totem | 2 | |
| Beastiary | 2 | |
21 total
» build order
00:07 Altar of Storms
00:21 Orc Burrow
00:38 Barracks
01:38 Orc Burrow
03:24 Stronghold
03:39 Orc Burrow
04:02 War Mill
05:47 Fortress
06:29 Great Hall
07:54 Spirit Lodge
07:58 Spirit Lodge
08:16 Tauren Totem
08:22 Tauren Totem
09:04 Orc Burrow
12:37 Orc Burrow
13:11 Orc Burrow
13:55 Orc Burrow
15:26 Orc Burrow
24:29 Great Hall
30:27 Beastiary
30:34 Beastiary
» items
| Scroll of Regeneration | 3 | |
| Lesser Clarity Potion | 1 | |
4 total
sdmx (
blue | 24 APM | 997 actions | 42:21)
5 Far Seer
3 Feral Spirit
2 Chain Lighting
3 Shadow Hunter
2 Healing Wave
1 Hex
» actions
| Assign group hotkey | 54 | |
| Basic commands | 7 | |
| Build / train | 90 | |
| ESC pressed | 2 | |
| Enter build submenu | 32 | |
| Enter hero's abilities submenu | 8 | |
| Give item / drop item | 3 | |
| Remove unit from queue | 5 | |
| Right click | 274 | |
| Select / deselect | 402 | |
| Select group hotkey | 37 | |
| Use ability | 82 | |
997 total
» units
| Peon | 34 | |
| Grunt | 3 | |
| Troll Headhunter/Berserker | 6 | |
| Thunder Lizard | 1 | |
| Wind Rider | 8 | |
52 total
» upgrades
| Melee Weapons | 2 | |
| Armor | 3 | |
| Ranged Weapons | 3 | |
| Berserker Strength | 1 | |
| Troll Regeneration | 1 | |
| Envenomed Spears | 1 | |
| Berserker Upgrade | 1 | |
| Spiked Barricades | 1 | |
| Reinforced Defenses | 1 | |
| Pillage | 1 | |
15 total
» buildings
| Altar of Storms | 5 | |
| Orc Burrow | 12 | |
| War Mill | 2 | |
| Barracks | 1 | |
| Stronghold | 2 | |
| Great Hall | 8 | |
| Voodoo Lounge | 2 | |
| Fortress | 1 | |
| Beastiary | 2 | |
35 total
» build order
00:39 Altar of Storms
00:41 Orc Burrow
01:15 War Mill
01:34 Barracks
01:38 Orc Burrow
03:21 Stronghold
04:16 Orc Burrow
04:19 Orc Burrow
06:08 Great Hall
06:19 Voodoo Lounge
07:28 Orc Burrow
10:21 Fortress
12:25 Beastiary
12:28 Beastiary
15:08 Orc Burrow
15:11 Orc Burrow
19:00 Great Hall
19:05 Altar of Storms
19:09 Orc Burrow
19:38 Altar of Storms
19:49 War Mill
20:09 Orc Burrow
21:07 Orc Burrow
21:36 Orc Burrow
22:26 Orc Burrow
25:02 Great Hall
25:21 Stronghold
28:15 Great Hall
31:12 Voodoo Lounge
32:33 Great Hall
34:44 Great Hall
34:50 Great Hall
34:59 Altar of Storms
36:38 Great Hall
41:26 Altar of Storms
» items
| Scroll of Town Portal | 1 | |
| Orb of Lightning | 1 | |
| Potion of Mana | 2 | |
| Lesser Clarity Potion | 1 | |
5 total
AmericanCaesar (
red | 73 APM | 3228 actions | 44:18)
7 Blademaster
3 Wind Walk
3 Critical Strike
1 Bladestorm
» actions
| Assign group hotkey | 181 | |
| Basic commands | 376 | |
| Build / train | 90 | |
| Enter build submenu | 61 | |
| Enter hero's abilities submenu | 7 | |
| Give item / drop item | 5 | |
| Remove unit from queue | 2 | |
| Right click | 1036 | |
| Select / deselect | 480 | |
| Select group hotkey | 784 | |
| Use ability | 206 | |
3228 total
» units
| Peon | 16 | |
| Grunt | 4 | |
| Goblin Shredder | 1 | |
| Goblin Zeppelin | 1 | |
| Troll Batrider | 7 | |
| Goblin Sapper | 2 | |
| Green Dragon | 7 | |
| Wind Rider | 2 | |
40 total
» upgrades
| Ranged Weapons | 3 | |
| Armor | 3 | |
| Troll Regeneration | 1 | |
| Reinforced Defenses | 1 | |
| Liquid Fire | 1 | |
| Envenomed Spears | 1 | |
10 total
» buildings
| Orc Burrow | 5 | |
| Altar of Storms | 1 | |
| Barracks | 1 | |
| Voodoo Lounge | 2 | |
| Stronghold | 5 | |
| Great Hall | 4 | |
| War Mill | 2 | |
| Watch Tower | 46 | |
| Fortress | 1 | |
| Beastiary | 4 | |
| Spirit Lodge | 1 | |
72 total
» build order
00:12 Orc Burrow
00:38 Altar of Storms
00:51 Barracks
01:20 Orc Burrow
01:52 Voodoo Lounge
02:49 Stronghold
02:50 Stronghold
02:50 Stronghold
02:50 Stronghold
04:27 Great Hall
04:55 War Mill
05:09 Orc Burrow
07:57 Watch Tower
07:58 Watch Tower
07:58 Watch Tower
08:00 Watch Tower
08:03 Watch Tower
08:06 Watch Tower
08:56 Fortress
09:08 War Mill
09:47 Beastiary
09:48 Beastiary
09:50 Beastiary
09:51 Beastiary
10:17 Orc Burrow
14:54 Watch Tower
14:54 Watch Tower
14:54 Watch Tower
15:26 Spirit Lodge
17:50 Watch Tower
17:50 Watch Tower
17:51 Watch Tower
17:51 Watch Tower
17:52 Watch Tower
17:52 Watch Tower
18:39 Great Hall
19:16 Watch Tower
19:16 Watch Tower
19:17 Watch Tower
19:17 Watch Tower
19:18 Watch Tower
19:18 Watch Tower
19:19 Watch Tower
19:20 Watch Tower
19:20 Watch Tower
21:22 Voodoo Lounge
21:26 Great Hall
21:37 Watch Tower
21:38 Watch Tower
21:38 Watch Tower
21:38 Watch Tower
21:50 Watch Tower
21:50 Watch Tower
21:51 Watch Tower
21:51 Watch Tower
21:52 Watch Tower
21:53 Watch Tower
21:53 Watch Tower
21:58 Watch Tower
21:59 Watch Tower
21:59 Watch Tower
23:28 Great Hall
23:32 Watch Tower
23:32 Watch Tower
23:33 Watch Tower
23:33 Watch Tower
23:34 Watch Tower
23:34 Watch Tower
23:41 Watch Tower
26:30 Orc Burrow
» items
| Healing Salve | 5 | |
| Boots of Speed | 1 | |
| Scroll of Healing | 1 | |
| Potion of Lesser Invulnerability | 1 | |
| Potion of Mana | 1 | |
| Lesser Clarity Potion | 3 | |
| Scroll of Town Portal | 5 | |
| Scroll of Regeneration | 2 | |
| Potion of Healing | 3 | |
| Staff of Teleportation | 1 | |
| Orb of Lightning | 1 | |
24 total
team 2 (winner)
AZart (
yellow | 27 APM | 1206 actions | 44:18)
3 Dreadlord
2 Sleep
1 Vampiric Aura
3 Death Knight
2 Death Coil
1 Unholy Aura
» actions
| Assign group hotkey | 32 | |
| Basic commands | 132 | |
| Build / train | 71 | |
| Enter build submenu | 14 | |
| Enter hero's abilities submenu | 7 | |
| Remove unit from queue | 2 | |
| Right click | 425 | |
| Select / deselect | 263 | |
| Select group hotkey | 178 | |
| Use ability | 82 | |
1206 total
» units
| Acolyte | 6 | |
| Ghoul | 19 | |
| Gargoyle | 5 | |
| Abomination | 1 | |
| Mortar Team | 1 | |
| Peasant | 4 | |
36 total
» upgrades
| Cannibalize | 1 | |
| Unholy Strength | 1 | |
| Unholy Armor | 2 | |
4 total
» buildings
| Crypt | 2 | |
| Altar of Darkness | 1 | |
| Ziggurat | 4 | |
| Tomb of Relics | 1 | |
| Nerubian Tower | 3 | |
| Halls of the Dead | 2 | |
| Graveyard | 1 | |
| Spirit Tower | 3 | |
| Slaughterhouse | 1 | |
| Black Citadel | 1 | |
19 total
» build order
00:08 Crypt
00:12 Altar of Darkness
00:33 Ziggurat
00:53 Tomb of Relics
01:15 Ziggurat
02:02 Crypt
02:11 Nerubian Tower
02:11 Nerubian Tower
04:28 Halls of the Dead
04:28 Halls of the Dead
04:53 Ziggurat
07:00 Graveyard
08:04 Ziggurat
09:41 Spirit Tower
12:09 Slaughterhouse
13:04 Black Citadel
17:25 Spirit Tower
17:40 Spirit Tower
26:07 Spirit Tower
» items
| Rod of Necromancy | 3 | |
| Dust of Appearance | 1 | |
| Potion of Healing | 3 | |
| Scroll of Town Portal | 1 | |
| Potion of Mana | 1 | |
| Orb of Corruption | 1 | |
10 total
paule85 (
pink | 111 APM | 2669 actions | 23:59)
4 Blademaster
1 Wind Walk
2 Critical Strike
1 Mirror Image
3 Shadow Hunter
1 Hex
2 Healing Wave
» actions
| Assign group hotkey | 23 | |
| Build / train | 93 | |
| ESC pressed | 3 | |
| Enter build submenu | 24 | |
| Enter hero's abilities submenu | 8 | |
| Give item / drop item | 3 | |
| Remove unit from queue | 8 | |
| Right click | 1235 | |
| Select / deselect | 495 | |
| Select group hotkey | 671 | |
| Use ability | 105 | |
2669 total
» units
| Peon | 20 | |
| Grunt | 10 | |
| Kodo Beast | 6 | |
| Troll Batrider | 11 | |
| Shaman | 6 | |
| Troll Witch Doctor | 2 | |
55 total
» upgrades
| Armor | 1 | |
| Melee Weapons | 2 | |
| Shaman Training | 2 | |
| Berserker Strength | 1 | |
| Liquid Fire | 1 | |
| Reinforced Defenses | 1 | |
| War Drums Damage Increase | 1 | |
| Witch Doctor Training | 2 | |
11 total
» buildings
| Altar of Storms | 1 | |
| Orc Burrow | 6 | |
| Barracks | 1 | |
| Voodoo Lounge | 1 | |
| War Mill | 1 | |
| Great Hall | 1 | |
| Watch Tower | 4 | |
| Stronghold | 1 | |
| Beastiary | 2 | |
| Spirit Lodge | 2 | |
| Fortress | 1 | |
21 total
» build order
00:07 Altar of Storms
00:10 Orc Burrow
00:51 Barracks
01:36 Orc Burrow
01:46 Voodoo Lounge
02:31 War Mill
03:13 Orc Burrow
04:32 Great Hall
04:47 Watch Tower
05:11 Watch Tower
05:49 Stronghold
07:30 Watch Tower
07:40 Watch Tower
07:46 Orc Burrow
08:16 Beastiary
08:19 Spirit Lodge
08:57 Fortress
09:01 Beastiary
10:55 Spirit Lodge
10:58 Orc Burrow
18:05 Orc Burrow
» items
| Healing Salve | 3 | |
| Lesser Clarity Potion | 1 | |
| Scroll of Speed | 1 | |
| Scroll of Town Portal | 1 | |
| Orb of Lightning | 1 | |
| Potion of Lesser Invulnerability | 1 | |
8 total

»
javale (
purple | 76 APM | 1817 actions | 23:45)
4 Death Knight
2 Death Coil
2 Unholy Aura
2 Lich
1 Frost Nova
1 Dark Ritual
» actions
| Assign group hotkey | 33 | |
| Basic commands | 158 | |
| Build / train | 57 | |
| ESC pressed | 2 | |
| Enter build submenu | 21 | |
| Enter hero's abilities submenu | 6 | |
| Right click | 924 | |
| Select / deselect | 316 | |
| Select group hotkey | 228 | |
| Use ability | 72 | |
1817 total
» units
| Acolyte | 3 | |
| Ghoul | 8 | |
| Obsidian Statue | 5 | |
| Abomination | 7 | |
| Meatwagon | 4 | |
| Crypt Fiend | 4 | |
31 total
» upgrades
| Disease Cloud | 1 | |
| Web | 1 | |
| Destroyer Form | 1 | |
3 total
» buildings
| Altar of Darkness | 1 | |
| Ziggurat | 8 | |
| Crypt | 1 | |
| Tomb of Relics | 1 | |
| Halls of the Dead | 2 | |
| Graveyard | 1 | |
| Spirit Tower | 3 | |
| Slaughterhouse | 3 | |
| Black Citadel | 1 | |
21 total
» build order
00:17 Altar of Darkness
00:37 Ziggurat
00:40 Crypt
00:55 Tomb of Relics
01:21 Ziggurat
03:40 Halls of the Dead
03:41 Halls of the Dead
04:18 Graveyard
05:11 Ziggurat
05:43 Spirit Tower
06:08 Slaughterhouse
06:23 Slaughterhouse
06:24 Slaughterhouse
06:48 Black Citadel
06:55 Spirit Tower
10:03 Ziggurat
10:04 Ziggurat
11:02 Ziggurat
11:04 Ziggurat
11:05 Ziggurat
12:40 Spirit Tower
» items
| Rod of Necromancy | 2 | |
| Dust of Appearance | 1 | |
| Potion of Healing | 1 | |
| Potion of Mana | 1 | |
| Healing Salve | 1 | |
6 total
Nightkilla (
orange | 36 APM | 747 actions | 20:58)
4 Paladin
2 Holy Light
2 Divine Shield
3 Archmage
2 Brilliance Aura
1 Summon Water Elemental
» actions
| Assign group hotkey | 4 | |
| Build / train | 172 | |
| Enter build submenu | 20 | |
| Enter hero's abilities submenu | 7 | |
| Give item / drop item | 1 | |
| Remove unit from queue | 1 | |
| Right click | 229 | |
| Select / deselect | 125 | |
| Select group hotkey | 143 | |
| Use ability | 44 | |
747 total
» units
| Peasant | 14 | |
| Flying Machine | 133 | |
147 total
» upgrades
| Lumber Harvesting | 1 | |
| Gunpowder | 3 | |
| Plating | 2 | |
| Flak Cannons | 1 | |
| Flying Machine Bombs | 1 | |
8 total
» buildings
| Altar of Kings | 1 | |
| Scout Tower | 2 | |
| Farm | 11 | |
| Arcane Tower | 3 | |
| Lumber Mill | 1 | |
| Blacksmith | 1 | |
| Keep | 1 | |
| Castle | 2 | |
| Workshop | 3 | |
| Town Hall | 1 | |
26 total
» build order
00:05 Altar of Kings
00:09 Scout Tower
00:28 Farm
00:39 Arcane Tower
00:45 Lumber Mill
01:24 Scout Tower
01:34 Farm
01:57 Arcane Tower
02:29 Blacksmith
02:33 Farm
02:35 Farm
03:19 Keep
04:30 Farm
04:41 Farm
05:40 Castle
05:44 Workshop
05:46 Workshop
05:50 Workshop
07:53 Farm
07:53 Farm
07:55 Farm
07:57 Farm
09:57 Town Hall
15:40 Farm
» items
Chat log
(00:05 / Allies) sdmx: hi
(00:10 / Allies) Garrys: HI
(00:32 / Allies) AmericanCaesar: Let's make America proud, boys
(00:34 / Allies) Garrys: PKne
(00:49 / Allies) sdmx: what america?
(01:09 / Allies) AmericanCaesar: The United States of America, the greatest country on God's blessed green Earth!
(01:17 / Allies) sdmx: lol
(01:21 / Allies) sdmx: love your sarcasm
(01:25 / Allies) Garrys: xd))))
(01:32 / Allies) AmericanCaesar: No sarcasm, only the God's honest truth
(01:44 / All) AmericanCaesar: I'm proud to be an American, where at least I know I'm free!
(01:53 / Allies) sdmx: yeah, okay
(02:01 / All) javale: with acta and peta?
(02:04 / All) sdmx: thanks for this lesson, buddy!
(02:18 / All) sdmx: and homeland security <3
(02:25 / All) AmericanCaesar: And I won't forget the ones who died who gave that life to me!
(02:33 / All) AmericanCaesar: And I proudly stand up! Next to you!
(02:41 / All) sdmx: protect the border!
(02:43 / All) AmericanCaesar: I don't know all the lyrics, forgive me gentlemen
(03:18 / Allies) AmericanCaesar: Gold, lumber?
(03:24 / Allies) AmericanCaesar: Contribute to the war effort, folks!
(03:31 / Allies) sdmx: lol
(04:49 / Allies) AmericanCaesar: If'n you gonna leech exp I expect some goldly compensation!
(05:15 / All) sdmx: allah snackbar
(09:58 / Allies) keft: gold ?
(13:06 / Allies) keft: gold ?
(13:17 / Allies) sdmx: lumber pls
(13:47 / Allies) Garrys: go?
(13:51 / Allies) sdmx: lumber pls
(13:52 / 6) AmericanCaesar: blue expansion mid right
(13:55 / Allies) sdmx: mass lumber pls
(14:02 / Allies) sdmx: lumber
(14:11 / Allies) sdmx: thx
(15:52 / 6) AmericanCaesar: You dumb fucking flunkey
(16:06 / 6) AmericanCaesar: I was going to team kill, now you can get fucked
(16:09 / Allies) Garrys: we need bats blue
(16:42 / 6) AmericanCaesar: You lost yourself the game you should be proud
(17:37 / Allies) sdmx: tp?
(17:44 / Allies) sdmx: never heard about that, ha?
(17:53 / All) sdmx: omg noob team
(19:07 / Allies) AmericanCaesar: tp out?
(19:24 / Allies) sdmx: units
(20:11 / 6) AmericanCaesar: Ignorant bitch
(20:57 / All) Garrys: b
(21:33 / Allies) Garrys: blue u noob
(21:41 / Allies) sdmx: why?
(21:52 / Allies) Garrys: u sad we noobs
(22:03 / Allies) sdmx: yeah because you didnt tp
(22:06 / Allies) sdmx: that was sad
(22:07 / Allies) AmericanCaesar: gold
(22:57 / 8) AmericanCaesar: Will you cooperate with me? I plan to kill my team
(23:13 / 8) AmericanCaesar: Blue has expansion mid right, green top mid
(24:00 / 4) AmericanCaesar: I will kill my team
(24:02 / 4) AmericanCaesar: Stay
(24:11 / Allies) AmericanCaesar: gold please
(25:12 / Allies) AmericanCaesar: GOLD!!!!!!
(25:19 / 4) AmericanCaesar: mass towers on purple
(26:12 / Allies) AmericanCaesar: Blue give me some fucking gold jesus
(26:35 / Allies) sdmx: why do you need gold now, prick?
(26:37 / Allies) sdmx: its over
(26:42 / Allies) AmericanCaesar: WYVERNS AND CATAPULTS!
(26:49 / All) sdmx: GAME IS OVER
(27:02 / 4) AmericanCaesar: Survive their onslaught and you will win
(27:04 / 4) AmericanCaesar: I will help you
(27:12 / 4) AmericanCaesar: You mustn't attack my units
(27:48 / 4) AmericanCaesar: hide a base if you can
(28:24 / Allies) sdmx: stop tk
(28:26 / Allies) sdmx: idiot
(28:37 / Allies) sdmx: stupid fucker
(28:46 / Allies) sdmx: your a stupic american cunt
(29:11 / Allies) Garrys: red u idiot
(29:35 / 4) AmericanCaesar: hide a base
(29:50 / All) AZart: lolm
(30:12 / 4) AmericanCaesar: You have to hide a base
(31:16 / All) Garrys: F\\WHAT ARE U DOING MOTHERFUCKER IDIOT????
(31:45 / Allies) sdmx: where are our enemies?
(31:54 / 4) AmericanCaesar: hide a base, hide a motherfucking base!
(32:05 / All) AZart: i cant
(32:13 / 4) AmericanCaesar: don't tell it in all!
(32:34 / 9) AZart: i cant
(33:11 / 9) AZart: why do you do that?
(33:56 / Allies) Garrys: GIVE ME GOLD BLUE
(35:54 / Allies) Garrys: RED I FUCK YOUR MOM
(36:03 / All) Garrys: WHERY WHERY GOOD
(37:02 / All) Garrys: OMG YELOW LEAVE
(37:44 / Allies) sdmx: flyyy
(37:51 / 4) AmericanCaesar: gonna be close
(38:17 / 9) AZart: yep
(39:33 / Allies) keft: did we win ???
(39:41 / Allies) sdmx: no
(39:44 / Allies) sdmx: not yet
(39:47 / All) Garrys: WHY???
(39:50 / Allies) sdmx: red is tking like hell
(39:54 / Allies) sdmx: i dont know
(39:58 / Allies) sdmx: maybe a maphack
(40:17 / Allies) sdmx: there must be left units or buildinga
(40:21 / Allies) sdmx: buildings
(40:50 / All) Garrys: WE WIN
(41:13 / All) Garrys: I FUCK YOUR MOM RED
(41:29 / All) Garrys: FUCK SO MUSH AND WERY WELL
(42:24 / All) AmericanCaesar: AH
(42:29 / All) AmericanCaesar: Now to decide your fate
(42:42 / All) AZart: bravo
(42:47 / All) AmericanCaesar: Shall I reward you for staying?
(43:04 / All) AmericanCaesar: They never saw your last ziggurat
(43:10 / All) AmericanCaesar: Camouflaged I guess
(43:25 / All) AZart: i dont know
(43:37 / All) AZart: your level?
(43:41 / All) AmericanCaesar: 1-0, undefeated
(43:47 / All) AmericanCaesar: The champion without peer
(44:03 / All) AmericanCaesar: I feel like I should reward you for staying
(44:06 / All) AmericanCaesar: So I will
(44:14 / All) AmericanCaesar: Enjoy your win, you earned it buddy